 Dungeon Crawl Stone Soup version 0.27.0-1-g7a089689b8 (webtiles) character file.

Game seed: 7158833681576167371

22 Goaboa the Grave Robber (level 3, 0/26 HPs)
             Began as a Human Necromancer on Aug 5, 2021.
             Succumbed to an adder's poison
             ... on level 1 of the Dungeon.
             The game lasted 00:13:24 (1440 turns).

Goaboa the Grave Robber (Human Necromancer)         Turns: 1440, Time: 00:13:24

Health: 0/26       AC:  5    Str:  8    XL:     3   Next: 7%
Magic:  2/6        EV: 12    Int: 16    God:
Gold:   84         SH:  0    Dex: 13    Spells: 1/6 levels left

rFire    . . .     SeeInvis .   j - +0 whip (flame)
rCold    . . .     Faith    .   (no shield)
rNeg     . . .     Spirit   .   a - +0 robe
rPois    .         Reflect  .   (no helmet)
rElec    .         Harm     .   b - +2 cloak
rCorr    .         Rampage  .   (no gloves)
Will     .....                  (no boots)
Stlth    ++........             (no amulet)
HPRegen  0.08/turn              (no ring)
MPRegen  0.10/turn              (no ring)

@: mighty, lethally poisoned (0 -> -5)
A: no striking features
a: no special abilities


You were on level 1 of the Dungeon.
You visited 1 branch of the dungeon, and saw 2 of its levels.

You collected 84 gold pieces.

Inventory:

Hand Weapons
 f - a +0 short sword
 j - a +0 whip of flaming (weapon)
Armour
 a - a +0 robe (worn)
 b - a +2 cloak (worn)
Potions
 d - a potion of curing {unknown}
 e - a potion of heal wounds {unknown}
 h - a potion of haste {unknown}


   Skills:
 + Level 1.0 Fighting
 + Level 2.3 Dodging
 - Level 2.0 Stealth
 + Level 2.3 Spellcasting
 + Level 4.2 Necromancy


You had one spell level left.
You knew the following spells:

 Your Spells              Type           Power      Damage    Failure   Level
a - Pain                  Necr           60%        1d7       3%          1
s - Animate Skeleton      Necr           30%        N/A       3%          1
v - Vampiric Draining     Necr           7%         2d7       11%         3

Your spell library contained the following spells:

 Spells                   Type           Power      Damage    Failure   Level
 Animate Dead             Necr           7%         N/A       34%         4
 Agony                    Necr           15%        N/A       69%         5


Dungeon Overview and Level Annotations

Branches:
Dungeon (2/15)

Altars:

Shops:
D:2 [


Message History

Really abort (and waste the scroll)? [Y]es or [N]o only, please.
Really abort (and waste the scroll)?
Uppercase [Y]es or [N]o only, please.
Really abort (and waste the scroll)?
Okay, then.
The adder misses you. The adder completely misses you.
Casting: Pain (safe; 3% risk of failure)
Confirm with . or Enter, or press ? or * to list all spells.
The spell is quite dangerous to cast (11% risk of failure)!
Continue anyway?
Aiming: Vampiric Draining (quite dangerous; 11% risk of failure)
Press: ? - help, Shift-Dir - straight line, f - adder
Aim: an adder (heavily wounded)
You draw life force from the adder.
You feel life coursing into your body. The kobold hits you with a +0 dagger.
* * * LOW HITPOINT WARNING * * *
The adder closely misses you.
As you read the scroll labelled MUOTHO PARCHISM, it crumbles to dust.
It is a scroll of identify.
c - a potion of might The kobold hits you but does no damage.
The adder misses you.
You feel very mighty all of a sudden. The adder bites you but does no damage.
The kobold hits you but does no damage.
Aiming: Pain (safe; 3% risk of failure)
Press: ? - help, Q - select action, (/) - cycle Shift-Dir - straight line, f/p - adder
Aim: an adder (severely wounded, chance to affect: 80%)
Okay, then.
The adder bites you but does no damage.
Casting: Pain (safe; 3% risk of failure)
Confirm with . or Enter, or press ? or * to list all spells.
Okay, then.
The adder bites you but does no damage. The adder barely misses you.
There is a stone staircase leading up here.
The adder bites you.
* * * LOW HITPOINT WARNING * * *
You are lethally poisoned!
The adder poisons you! The adder barely misses you.
You climb upwards.
You die...

##.#.##.#.#.##.####
............##....#
##.....###..##....#
.####..# #........#
.# #..###.#####..#
.# #......# #..#
### ####.### #..#
..# #.# #..# #.#
#.# #@S#
#.######.## #..#
..........# #..#
########..# #..#
<..##(..>.######..#
....#####.........#
....#############.#
....#.....# #.#
ยงยง..#####.# #.#


You could see an adder.

Vanquished Creatures
  2 ball pythons (D:1)
  2 endoplasms
  A giant cockroach (D:1)
  A hobgoblin (D:2)
  6 jackals
  A quokka (D:2)
  A bat (D:1)
  A kobold (D:1)
  2 rats (D:2)
17 creatures vanquished.

Vanquished Creatures (collateral kills)
  An endoplasm (D:1)
1 creature vanquished.

Grand Total: 18 creatures vanquished

Notes
Turn   | Place    | Note
-------+----------+-------------------------------------------
     0 | D:1      | Goaboa the Human Necromancer began the quest for the Orb.
     0 | D:1      | Reached XP level 1. HP: 13/13 MP: 3/3
     8 | D:1      | Learned a level 1 spell: Animate Skeleton
   347 | D:1      | Reached XP level 2. HP: 9/20 MP: 3/5
  1242 | D:2      | Found Ucocoakk's Antique Armour Boutique.
  1263 | D:2      | Found a faded altar of an unknown god.
  1394 | D:2      | Reached skill level 1 in Fighting
  1394 | D:2      | Reached XP level 3. HP: 24/26 MP: 3/6
  1401 | D:2      | Learned a level 3 spell: Vampiric Draining
  1439 | D:2      | HP: 1/26 [adder (2)]
  1440 | D:1      | Succumbed to an adder's poison

Illustrated notes

Levels and vault maps discovered:
D:1:      lemuel_arrival_lava_pool, layout_loops_ring
D:2:      layout_rooms, chequers_ecumenical_altar_simple_redux, serial_shops,
          nicolae_shop_crystal, minmay_tree_intersection,
          minmay_misc_feat_ornament

Skill      XL: |  1  2 |
---------------+-------+-----
Fighting       | 1 |  1.0
Dodging        | |  2.3
Stealth        | |  2.0
Spellcasting   | |  2.3
Necromancy     | |  4.2

Action                   || total
-------------------------++-------
Melee: Short sword       ||    15
       Unarmed           ||     2
       Whip              ||    15
 Cast: Pain              ||    29
       Animate Skeleton  ||     2
       Vampiric Draining ||     1
  Use: Scroll            ||     2
       Potion            ||     1
Armor: Robe              ||    15
Dodge: Dodged            ||    46
